 Dungeon Crawl Stone Soup version 0.28-a0-938-gbc3f381ebc (webtiles) character file.

Game seed: 5556770788408576294

3946 derath95 the Geomancer (level 10, -19/50 HPs)
             Began as a Gargoyle Earth Elementalist on Nov 29, 2021.
             Was a Follower of Vehumet.
             Demolished by a boulder beetle (32 damage)
             ... on level 9 of the Dungeon.
             The game lasted 00:32:43 (7757 turns).

derath95 the Geomancer (GrEE)                       Turns: 7757, Time: 00:32:43

Health: -19/50     AC: 16    Str: 13    XL:     10   Next: 21%
Magic:  3/22       EV: 12    Int: 24    God:    Vehumet [*.....]
Gold:   494        SH:  0    Dex: 10    Spells: 16/26 levels left

rFire   . . .      SeeInvis +   k - +0 war axe
rCold   . . .      Faith    .   (no shield)
rNeg    + . .      Spirit   .   u - +2 robe {Archmagi}
rPois   ∞          Reflect  .   a - +2 helmet
rElec   +          Harm     .   y - +1 cloak
rCorr   .          Rampage  .   (no gloves)
Will    .....      Archmagi +   (no boots)
Stlth   ++........              (no amulet)
HPRegen 0.16/turn               n - +6 ring of intelligence
MPRegen 0.18/turn               p - ring of see invisible

@: no status effects
A: sickness immunity, AC +7, negative energy resistance 1, electricity
resistance, torment resistance 1, petrification resistance
a: Renounce Religion


You were on level 9 of the Dungeon.
You worshipped Vehumet.
Vehumet was aware of your devotion.
You visited 2 branches of the dungeon, and saw 10 of its levels.

You collected 494 gold pieces.

Inventory:

Hand Weapons
 f - a +0 short sword
 k - a +0 war axe (weapon)
 l - a +4 quarterstaff of chaos
 x - a +0 flail
Missiles
 c - 146 stones
Armour
 a - a +2 helmet (worn)
 b - a +2 robe
 m - a +0 cloak
 u - a +2 robe of the Archmagi (worn)
 y - a +1 cloak (worn)
Jewellery
 n - a +6 ring of intelligence (left hand)
 p - a ring of see invisible (right hand)
 r - a +6 ring of dexterity
 v - an amulet of reflection
 B - a ring of resist corrosion
 I - a +4 ring of evasion
Wands
 s - a wand of iceblast (8)
 F - a wand of mindburst (9)
Scrolls
 e - 6 scrolls of identify
 h - a scroll of magic mapping
 j - 2 scrolls of amnesia
 o - 13 scrolls of teleportation
 t - a scroll of holy word
 w - a scroll of vulnerability {unknown}
 A - 2 scrolls of fog {unknown}
 C - a scroll of summoning
 E - 2 scrolls of immolation {unknown}
 H - a scroll of brand weapon {unknown}
Potions
 d - a potion of mutation {unknown}
 i - 5 potions of curing
 q - 2 potions of might
 z - 3 potions of flight {unknown}
 G - a potion of brilliance {unknown}


   Skills:
 - Level 1.7 Dodging
 - Level 2.3 Stealth
 + Level 8.8 Spellcasting
 + Level 6.4 Conjurations
 - Level 0.7 Transmutations
 + Level 11.5 Earth Magic


You had 16 spell levels left.
You knew the following spells:

 Your Spells              Type           Power      Damage    Failure   Level
a - Sandblast             Erth           100%       2d20      1%          1
b - Passwall              Tmut/Erth      47%        N/A       1%          2
c - Stone Arrow           Conj/Erth      100%       3d13      1%          3
d - Petrify               Tmut/Erth      57%        N/A       4%          4

Your spell library contained the following spells:

 Spells                   Type           Power      Damage    Failure   Level
 Magic Dart               Conj           100%       1d8       1%          1
 Dazzling Flash           Conj/Hex       78%        N/A       4%          3
 Freeze                   Ice            60%        1d8       6%          1
 Scorch                   Fire           30%        2d6       9%          2
 Flame Wave               Conj/Fire      39%        2d7       16%         4
 Hailstorm                Conj/Ice       39%        3d9       16%         4
 Frozen Ramparts          Ice            30%        1d5       19%         3
 Ozocubu's Armour         Ice            15%        N/A       19%         3
 Agony                    Necr           15%        N/A       86%         5
 Metabolic Englaciation   Hex/Ice        7%         N/A       86%         5
 Silence                  Hex/Air        7%         N/A       86%         5
 Summon Cactus Giant      Summ           7%         N/A       100%        6
 Ozocubu's Refrigeration  Ice            7%         4d6       100%        7
 Statue Form              Tmut/Erth      Unusable   N/A       N/A         6

Dungeon Overview and Level Annotations

Branches:
Dungeon (9/15)             Temple (1/1) D:6
   Lair: D:8-11         Orc: D:9-12

Altars:
Ashenzari
Dithmenos
Elyvilon
Fedhas
Gozag
Hepliaklqana
Kikubaaqudgha
Makhleb
Nemelex Xobeh
Qazlal
Sif Muna
Trog
Uskayaw
Vehumet
Wu Jian
Xom
Yredelemnul
Zin
The Shining One
Jiyva
Lugonu

Shops:
D:3 :   D:4 ?

Annotations:
D:8 3 runed translucent doors, pokeman's ghost, novice DEWz


Innate Abilities, Weirdness & Mutations

You are immune to sickness and miasma.
Your stone body is resilient. (AC +7)
You are immune to poison.
You resist negative energy. (rN+)
You are resistant to electric shocks. (rElec)
You are resistant to unholy torment.
You are immune to petrification.


Message History

Press: ? - help, Shift-Dir - straight line, f/p - boulder beetle
Aim: a boulder beetle (heavily wounded, 100% to hit)
You feel a surge of power!
The stone arrow hits the boulder beetle!!
The boulder beetle is almost dead.
The boulder beetle bites you but does no damage.
Casting: Stone Arrow (safe; 1% risk of failure)
Confirm with . or Enter, or press ? or * to list all spells.
Aiming: Stone Arrow (safe; 1% risk of failure)
Press: ? - help, Shift-Dir - straight line, f/p - boulder beetle
Aim: a boulder beetle (almost dead, 100% to hit)
You feel a surge of power!
The stone arrow hits the boulder beetle!
The boulder beetle is almost dead.
The boulder beetle bites you!
* * * LOW HITPOINT WARNING * * *
You feel much better.
The boulder beetle bites you but does no damage.
Casting: Stone Arrow (safe; 1% risk of failure)
Confirm with . or Enter, or press ? or * to list all spells.
Aiming: Stone Arrow (safe; 1% risk of failure)
Press: ? - help, Shift-Dir - straight line, f/p - boulder beetle
Aim: a boulder beetle (almost dead, 100% to hit)
You feel a surge of power!
The stone arrow hits the boulder beetle.
The boulder beetle is almost dead.
The boulder beetle bites you!!
* * * LOW HITPOINT WARNING * * *
Casting: Stone Arrow (safe; 1% risk of failure)
Confirm with . or Enter, or press ? or * to list all spells.
You don't have enough magic to cast this spell.
You can't see any enemies this would affect, really read the scroll of holy word?
Okay, then.
Blink to where?
Press: ? - help, Dir - move target, p - boulder beetle
As you read the scroll of blinking, it crumbles to dust.
The boulder beetle curls into a ball and begins rolling!
The boulder beetle hits you!!
Ouch! That really hurt!
You die...

....#
####.....########....
#...#
#..................
#..##
#..................
#..#
#......#............
#..#
#......#...........#
#..+
#.....#.#..........#
#..#
#.....#.#..........#
#..#
#....##.##.........#
#..#
#....##@##.......#
....##.B.##......#
#.#○#.#......# #####
###.°.###.....###....
#..#°#..#............
##.#...#.##...........
.<..
#...#.#...#...........
....
#..#...#..##..........
....
######c..#####........


You could see a boulder beetle (rolling).

Vanquished Creatures
  Maurice (D:8)
  Grinder (D:3)
  A hornet (D:9)
  Prince Ribbit (D:5)
  Sigmund (D:2)
  A wraith (D:6)
  2 wyverns (D:9)
  Menkaure (D:7)
  Duvessa (D:5)
  A water moccasin (D:9)
  An orc warrior (D:6)
  2 ice beasts
  A hornet zombie (D:8)
  A sky beast (D:8)
  4 centaurs
  A bullfrog (D:8)
  A kobold brigand (D:4)
  A wyvern zombie (D:7)
  A water moccasin skeleton (D:6)
  Dowan (D:5)
  6 killer bees (D:8)
  7 wights
  2 centaur zombies
  2 jellies
  A hound (D:5)
  Crazy Yiuf (D:3)
  2 bullfrog skeletons (D:6)
  An iguana (D:6)
  5 orc wizards
  A hound skeleton (D:2)
  A howler monkey zombie (D:8)
  3 adders
  A shadow imp (D:7)
  4 white imps
  An adder skeleton (D:4)
  A worm (D:2)
  2 dart slugs
  15 orcs
  6 endoplasms
  5 giant cockroaches
  4 goblins
  7 hobgoblins
  6 jackals
  17 kobolds
  3 quokkas
  3 ball pythons
  A bat (D:1)
  A frilled lizard (D:3)
  5 rats
139 creatures vanquished.

Vanquished Creatures (others)
  A demonic plant (Temple)
1 creature vanquished.

Grand Total: 140 creatures vanquished

Notes
Turn   | Place    | Note
-------+----------+-------------------------------------------
     0 | D:1      | derath95 the Gargoyle Earth Elementalist began the quest
                  | for the Orb.
     0 | D:1      | Reached XP level 1. HP: 10/10 MP: 3/3
   236 | D:1      | Reached XP level 2. HP: 15/15 MP: 0/5
   895 | D:2      | Reached skill level 4 in Earth Magic
   961 | D:2      | Reached XP level 3. HP: 18/19 MP: 5/7
  1084 | D:2      | Found a shimmering blue altar of Sif Muna.
  1274 | D:2      | Learned a level 2 spell: Passwall
  1278 | D:2      | Learned a level 3 spell: Stone Arrow
  1327 | D:2      | Noticed Sigmund
  1346 | D:2      | Killed Sigmund
  1347 | D:2      | Reached skill level 5 in Earth Magic
  1347 | D:2      | Reached XP level 4. HP: 24/24 MP: 0/10
  1347 | D:2      | Reached XP level 5. HP: 28/28 MP: 0/11
  1928 | D:3      | Noticed Grinder
  1937 | D:3      | Killed Grinder
  1938 | D:3      | Reached skill level 6 in Earth Magic
  1938 | D:3      | Reached XP level 6. HP: 27/32 MP: 5/13
  2297 | D:3      | Found an ornate altar of the Wu Jian Council.
  2400 | D:3      | Found a shimmering blue altar of Sif Muna.
  2411 | D:3      | Reached skill level 5 in Spellcasting
  2411 | D:3      | Reached XP level 7. HP: 36/36 MP: 12/14
  2570 | D:3      | Found Metifyt's Book Emporium.
  2591 | D:3      | Found a runed translucent door.
  2592 | D:3      | Noticed Crazy Yiuf
  2817 | D:3      | Killed Crazy Yiuf
  2818 | D:3      | Reached skill level 7 in Earth Magic
  2905 | D:4      | Found Vunakhlu's Magic Scroll Shop.
  3148 | D:4      | Found a hazy altar of Hepliaklqana.
  3695 | D:5      | Entered Level 5 of the Dungeon
  3808 | D:5      | Noticed Duvessa
  3983 | D:5      | Noticed Dowan
  3984 | D:5      | Killed Duvessa
  3985 | D:5      | Reached skill level 8 in Earth Magic
  3985 | D:5      | Reached XP level 8. HP: 41/41 MP: 11/17
  3990 | D:5      | Killed Dowan
  4162 | D:5      | Learned a level 4 spell: Petrify
  4318 | D:5      | Noticed Prince Ribbit
  4323 | D:5      | Killed Prince Ribbit
  4630 | D:6      | Noticed a wraith
  4634 | D:6      | Killed a wraith
  4635 | D:6      | Reached skill level 9 in Earth Magic
  4755 | D:6      | Found a hide-covered altar of Uskayaw.
  4785 | D:6      | Reached skill level 1 in Conjurations
  4878 | D:6      | Found a staircase to the Ecumenical Temple.
  4900 | Temple   | Entered the Ecumenical Temple
  5197 | D:6      | Reached XP level 9. HP: 45/45 MP: 17/20
  5678 | D:7      | Found a sparkling altar of Nemelex Xobeh.
  5679 | D:7      | Found an opulent altar of Gozag.
  5701 | D:7      | Noticed Menkaure
  5705 | D:7      | Killed Menkaure
  5706 | D:7      | Reached skill level 10 in Earth Magic
  5752 | D:7      | Found a glowing silver altar of Zin.
  5930 | D:7      | Found a radiant altar of Vehumet.
  5998 | D:7      | Became a worshipper of Vehumet
  6741 | D:8      | Noticed Maurice
  6748 | D:8      | Killed Maurice
  6749 | D:8      | Reached skill level 5 in Conjurations
  6998 | D:8      | Found a runed translucent gate.
  6999 | D:8      | Found a runed translucent gate.
  7000 | D:8      | Found a runed translucent gate.
  7061 | D:8      | Noticed pokeman's ghost (novice DEWz)
  7211 | D:8      | Found a viscous altar of Jiyva.
  7287 | D:9      | Reached skill level 11 in Earth Magic
  7380 | D:9      | Reached XP level 10. HP: 50/50 MP: 15/22
  7437 | D:9      | Reached * piety under Vehumet
  7437 | D:9      | Offered knowledge of Magic Dart by Vehumet.
  7739 | D:9      | Noticed a yaktaur captain
  7740 | D:9      | Noticed a boulder beetle
  7757 | D:9      | Demolished by a boulder beetle

Illustrated notes

Levels and vault maps discovered:
D:1:      dpeg_arrival_prison, layout_rooms
D:2:      layout_basic, serial_rivers, chequers_serial_rivers_marsh,
          chequers_serial_rivers_micro_a, chequers_serial_rivers_micro_e,
          chequers_serial_rivers_room_a, basic_altar, uniq_sigmund
D:3:      layout_loops_ring, led_sif_book, pdpol_wu_jian_five_deadly_venoms,
          serial_shops, shop, dk_noncrumbling_4, uniq_grinder,
          uniq_crazy_yiuf_cottage
D:4:      cheibrodos_thug_alley, layout_basic, mainiacjoe_overflow_boulevard,
          serial_shops, shop_coins
D:5:      layout_gridville, uniq_duvessa, uniq_prince_ribbit1
D:6:      layout_basic, lemuel_tele_altar, minmay_temple_entry_gardened_gates,
          grunt_ministairs_11
D:7:      layout_cave_pools, lemuel_round_altar,
          nemelex_xobeh_ov_fountains_minmay, mainiacjoe_overflow_catwalk_spiral,
          uniq_menkaure
D:8:      layout_basic, gammafunk_ghost_ooze, uniq_maurice
D:9:      minmay_the_grid_four_pointed_star
          [minmay_the_grid_triangle_9x9_checkered,
          minmay_the_grid_triangle_9x9_impossible_snake,
          minmay_the_grid_triangle_9x9_sprig,
          minmay_the_grid_triangle_9x9_zippers_vertical,
          minmay_the_grid_prize_diamond_cup], layout_irregular_city,
          nicolae_ru_path_of_blood
Temple:   kb_corrupted_temple

Skill      XL: |  1  2  3  4  5  6  7  8  9 10 |
---------------+-------------------------------+-----
Earth Magic    | 4 5 6 8 9 11 | 11.5
Spellcasting   | 4 5 6 7 8 |  8.8
Conjurations   | 2 5 6 |  6.4
Dodging        | |  1.7
Stealth        | |  2.3
Transmutations | |  0.7

Action                   |  1- 3 |  4- 6 |  7- 9 | 10-12 || total
-------------------------+-------+-------+-------+-------++-------
Melee: War axe           |    25 |    32 |   112 |     7 ||   176
       Short sword       |    12 |       |       |       ||    12
 Cast: Sandblast         |    32 |    19 |   136 |     9 ||   196
       Stone Arrow       |       |       |     7 |    13 ||    20
  Use: Potion            |     4 |       |       |     1 ||     5
       Scroll            |       |     7 |     3 |     1 ||    11
 Stab: Sleeping          |       |     1 |     1 |       ||     2
Armor: Robe              |    17 |    18 |   105 |    19 ||   159
       Skin              |     2 |       |     1 |       ||     3
Dodge: Dodged            |    32 |    30 |   139 |    19 ||   220

Table legend: (Time is in decaauts)
 A = Elapsed time spent in this place.
 B = Non-inter-level travel time spent in this place.
 C = Inter-level travel time spent in this place.
 D = Time resting spent in this place.
 E = Time spent auto-exploring this place.
 F = Levels seen in this place.
 G = Mean time per level.
                   A        B        C        D        E       F      G
               +--------+--------+--------+--------+--------+-----+--------+
         Total |   7853 |   7711 |    142 |     36 |   5763 |  10 |  785.3 |
       Dungeon |   7678 |   7536 |    142 |     36 |   5667 |   9 |  853.1 |
        Temple |    175 |    175 |      0 |      0 |     96 |   1 |  175.0 |
               +--------+--------+--------+--------+--------+-----+--------+

Top non-repeatable levels by time:
     D:2: 1108 daAuts
     D:3: 1063 daAuts
     D:8: 1039 daAuts
     D:5: 942 daAuts
     D:6: 893 daAuts
     D:4: 824 daAuts
     D:1: 751 daAuts
     D:7: 573 daAuts
     D:9: 482 daAuts
  Temple: 175 daAuts
